 Dungeon Crawl Stone Soup version 0.18.1-48-g4cf74bf (webtiles) character file.

8599 atgrul the Frost Mage (level 11, -18/97 HPs)
             Began as a White Draconian Ice Elementalist on Aug 19, 2016.
             Was an Elder of Sif Muna.
             Demolished by a spiny frog (26 damage)
             ... on level 1 of the Lair of Beasts on Aug 20, 2016.
             The game lasted 01:23:33 (13790 turns).

atgrul the Frost Mage (DrIE)                       Turns: 13790, Time: 01:23:34

Health: -18/97     AC: 14    Str: 11    XL:     11   Next: 12%
Magic:  19/19      EV: 12    Int: 17    God:    Sif Muna [****..]
Gold:   540        SH:  0    Dex: 13    Spells: 4 memorised, 13 levels left

rFire  . . .     SeeInvis +     x - +2 short sword (protect)
rCold  + . .     Gourm    .     (armour unavailable)
rNeg   . . .     Faith    .     (no shield)
rPois  .         Spirit   .     y - +1 hat
rElec  .         Dismiss  +     (no cloak)
rCorr  .         Reflect  .     (no gloves)
SustAt .         Harm     .     r - +0 pair of boots
MR     .....                    G - amulet of dismissal
Stlth  +.........               (no ring)
                                A - ring of see invisible

@: confused, lethally poisoned (-18 -> -24), not resistant to hostile
enchantments, very unstealthy
A: breathe frost, unfitting armour, cold resistance 1, low mp 1, cold-blooded,
AC +7
a: Breathe Frost, Channel Energy, Forget Spell, Renounce Religion


You were on level 1 of the Lair of Beasts.
You worshipped Sif Muna.
Sif Muna was greatly pleased with you.
You were not hungry.

You visited 3 branches of the dungeon, and saw 12 of its levels.

You collected 590 gold pieces.
You spent 50 gold pieces at shops.

Inventory:

Hand Weapons
 d - a +0 short sword
 x - a +2 short sword of protection (weapon)
Missiles
 v - 5 silver tomahawks (quivered)
Armour
 r - a +0 pair of boots (worn)
 y - a +1 hat (worn)
Jewellery
 A - a ring of see invisible (left hand)
 G - an amulet of dismissal (around neck)
Wands
 e - a wand of teleportation (0/9)
 j - a wand of digging (8/24)
 I - a wand of acid (6/15)
 J - a wand of polymorph (10/24)
 M - a wand of flame (29/48)
 Q - a wand of lightning (0/15)
Scrolls
 c - 3 scrolls of enchant weapon
 i - 7 scrolls of remove curse
 m - 2 scrolls of magic mapping
 n - 3 scrolls of noise
 p - 2 scrolls of fog {unknown}
 B - 2 scrolls of amnesia
 C - 2 scrolls of teleportation {unknown}
 D - a scroll of enchant armour
 K - a scroll of vulnerability {unknown}
 N - 2 scrolls of holy word {unknown}
 S - a scroll of torment {unknown}
Potions
 o - 2 potions of lignification {unknown}
 q - 5 potions of brilliance
 s - 2 potions of flight
 w - a potion of resistance {unknown}
 z - a potion of agility {unknown}
 F - 2 potions of cancellation {unknown}
 H - a potion of degeneration {unknown}
 L - 2 potions of mutation {unknown}
Books
 a - a book of Frost

   Spells                             Type                      Level
   a - Freeze                         Ice                          1
   b - Throw Frost                    Conjuration/Ice              2
   c - Ozocubu's Armour               Charms/Ice                   3
   d - Throw Icicle                   Conjuration/Ice              4
   e - Summon Ice Beast               Ice/Summoning                4
 u - a Young Poisoner's Handbook

   Spells                             Type                      Level
   a - Sting                          Conjuration/Poison           1
   b - Cure Poison                    Poison                       2
   c - Mephitic Cloud                 Conjuration/Poison/Air       3
   d - Olgreb's Toxic Radiance        Poison                       4
   e - Venom Bolt                     Conjuration/Poison           5
 P - a book of Alchemy

   Spells                             Type                      Level
   a - Sublimation of Blood           Necromancy                   2
   b - Ignite Poison                  Fire/Transmutation/Poison    3
   c - Petrify                        Transmutation/Earth          4
   d - Alistair's Intoxication        Transmutation/Poison         5
   e - Irradiate                      Conjuration/Transmutation    5
 R - a book of Air

   Spells                             Type                      Level
   a - Shock                          Conjuration/Air              1
   b - Swiftness                      Charms/Air                   2
   c - Repel Missiles                 Charms/Air                   2
   d - Static Discharge               Conjuration/Air              3
   e - Lightning Bolt                 Conjuration/Air              5
Comestibles
 b - 5 bread rations
 f - a meat ration
 h - 3 chunks of flesh
 t - 3 beef jerkies
 O - 5 fruits


   Skills:
 * Level 9.1 Fighting
 - Level 1.7 Dodging
 - Level 1.7 Stealth
 + Level 6.8 Spellcasting
 - Level 5.7 Conjurations
 - Level 4.5 Summonings
 * Level 13.3 Ice Magic
 + Level 0.4 Evocations


You had 13 spell levels left.
You knew the following spells:

 Your Spells              Type           Power        Failure   Level  Hunger
a - Freeze                Ice            ####         1%          1    None
b - Throw Frost           Conj/Ice       #####.       1%          2    None
c - Summon Ice Beast      Ice/Summ       #####...     3%          4    ####...
d - Ozocubu's Armour      Chrm/Ice       ####....     2%          3    ##.....


Dungeon Overview and Level Annotations

Branches:
Dungeon (10/15)            Temple (1/1) D:6            Lair (1/8) D:10
    Orc (0/2) D:9

Altars:
Cheibriados
Fedhas
Gozag
Kikubaaqudgha
Nemelex Xobeh
Okawaru
Pakellas
Qazlal
Sif Muna
Trog
Vehumet
Xom
The Shining One

Shops:
D:4 !   D:8 (

Annotations:
D:3 1 runed door
D:5 Britaniac's ghost, novice MiFi
D:6 Pikel


Innate Abilities, Weirdness & Mutations

You can breathe waves of freezing cold.
You can buffet flying creatures when you breathe cold.
Your icy white scales are hard (AC +7).
Your body does not fit into most forms of armour.
Your flesh is cold resistant.
You are cold-blooded and may be slowed by cold attacks.
Your magical capacity is low (-10% MP).


Message History

The yak barely misses you. The spiny frog barely misses you.
Your icy armour evaporates.
The spiny frog stings the plant.
The yak gores you!
* * * LOW HITPOINT WARNING * * *
You see here a short sword.
You are confused.
You feel invigorated.
You're too confused to move!
The yak gores you.
* * * LOW HITPOINT WARNING * * *
You're too confused to move!
The yak closely misses you. The spiny frog stings you!
* * * LOW HITPOINT WARNING * * *
You are lethally poisoned!
The spiny frog poisons you! The yak gores you but does no damage.
You bump into the stone wall.
You feel sick.
The spiny frog stings you but does no damage.
The yak barely misses you. The yak closely misses you.
The spiny frog stings you!!
You die...

#....###......##.#....#### ..#
#.............##.P.#..##.#...#
#............)................
#............................
#...................<.........
##..................†.........
........................
.......FYY.##..####.....
########@..###.P# #.... #...#
..... .... #...##.....# ...
#...##...... .. #.... ....P#
...... #...##.


You could see 2 yaks and a spiny frog.

Vanquished Creatures
  An unseen horror (D:10)
  A hill giant (D:10)
  A two-headed ogre (D:8)
  Grinder (D:3)
  9 yaks
  A hungry ghost (D:8)
  A hippogriff (D:7)
  4 ice beasts
  3 sky beasts
  5 orc warriors
  3 slaves (D:6)
  2 phantoms
  A wasp (D:10)
  6 ogres
  A crocodile (D:8)
  4 centaurs
  2 big kobolds (D:7)
  Blork the orc (D:4)
  6 giant frogs
  A wyvern zombie (D:9)
  3 scorpions
  4 killer bees (D:9)
  An electric eel (D:10)
  A howler monkey (D:4)
  4 wights (D:6)
  3 crimson imps
  2 centaur zombies
  3 quasits
  A giant frog zombie (D:5)
  A giant frog skeleton (D:5)
  An orc priest (D:6)
  8 hounds
  2 jellies
  4 iguanas
  Ijyb (D:2)
  5 orc wizards
  11 worker ants
  A howler monkey zombie (D:7)
  12 adders
  2 river rats (D:10)
  6 gnolls (D:10)
  A shadow imp (D:8)
  An adder skeleton (D:6)
  4 worms
  3 dart slugs
  6 giant geckos
  35 orcs
  4 giant cockroaches
  13 goblins
  7 hobgoblins
  16 jackals
  2 quokkas
  A ball python (D:1)
  8 bats
  6 giant newts
  A jackal skeleton (D:4)
  11 kobolds
  15 rats
  A fungus (D:10)
  A plant (D:10)
266 creatures vanquished.

Vanquished Creatures (collateral kills)
  A hill giant (D:10)
  2 yaks (Lair:1)
  A hippogriff (D:8)
  A water moccasin (D:10)
  A sky beast (D:8)
  A giant frog (Lair:1)
  A scorpion (D:7)
  A jelly (D:8)
  2 killer bees (D:9)
  An orc wizard (D:10)
  A gnoll (D:10)
  3 orcs (D:8)
  3 bats (D:10)
19 creatures vanquished.

Vanquished Creatures (others)
  10 fungi
  A plant (D:10)
11 creatures vanquished.

Grand Total: 296 creatures vanquished

Notes
Turn   | Place    | Note
--------------------------------------------------------------
     0 | D:1      | atgrul the Draconian Ice Elementalist began the quest for the Orb.
     0 | D:1      | Reached XP level 1. HP: 14/14 MP: 3/3
   275 | D:1      | Reached skill level 1 in Fighting
   275 | D:1      | Reached XP level 2. HP: 9/23 MP: 5/5
  1072 | D:2      | Reached XP level 3. HP: 23/28 MP: 2/6
  1161 | D:2      | Reached skill level 4 in Ice Magic
  1840 | D:2      | Reached XP level 4. HP: 36/36 MP: 7/7
  2018 | D:2      | Noticed Ijyb
  2086 | D:2      | Killed Ijyb
  2303 | D:2      | Reached skill level 5 in Ice Magic
  2548 | D:2      | Learned a level 2 spell: Throw Frost
  2563 | D:3      | Reached XP level 5. HP: 34/42 MP: 4/8
  2576 | D:3      | Noticed an ogre
  2588 | D:2      | Killed an ogre
  2835 | D:3      | Found a glowing golden altar of the Shining One.
  2835 | D:3      | Found a runed door.
  2835 | D:3      | Noticed an angel
  2921 | D:3      | Noticed Grinder
  2930 | D:3      | Paralysed by Grinder for 2 turns
  3044 | D:4      | Noticed Blork the orc
  3056 | D:4      | Noticed an ogre
  3185 | D:3      | Found a snail-covered altar of Cheibriados.
  3242 | D:4      | Found Warumi's Distillery.
  3273 | D:4      | Killed an ogre
  3273 | D:4      | Reached XP level 6. HP: 21/52 MP: 0/9
  3376 | D:4      | Reached skill level 6 in Ice Magic
  4069 | D:4      | Found a stormy altar of Qazlal.
  4151 | D:4      | Killed Blork the orc
  4151 | D:4      | Your scales start taking on an icy white colour.
  4151 | D:4      | Reached skill level 8 in Ice Magic
  4151 | D:4      | Reached XP level 7. HP: 40/60 MP: 4/10
  4151 | D:4      | Gained mutation: Your flesh is cold resistant. [White Draconian growth]
  4241 | D:4      | Bought a potion of heal wounds for 50 gold pieces
  4496 | D:4      | Reached skill level 5 in Fighting
  4743 | D:5      | Entered Level 5 of the Dungeon
  4746 | D:5      | Noticed Britaniac's ghost (novice MiFi)
  4754 | D:5      | Reached skill level 9 in Ice Magic
  4888 | D:5      | Reached XP level 8. HP: 46/69 MP: 4/11
  5205 | D:5      | Found a glowing golden altar of the Shining One.
  5206 | D:5      | Found an ancient bone altar of Kikubaaqudgha.
  5565 | D:3      | Paralysed by Grinder for 3 turns
  5574 | D:3      | Killed Grinder
  5574 | D:3      | Reached skill level 10 in Ice Magic
  5930 | D:6      | Noticed Pikel
  6198 | D:6      | Reached skill level 11 in Ice Magic
  6495 | D:6      | Reached XP level 9. HP: 51/78 MP: 9/12
  6765 | D:6      | Found a staircase to the Ecumenical Temple.
  6773 | Temple   | Entered the Ecumenical Temple
  6803 | Temple   | Became a worshipper of Sif Muna the Loreminder
  7310 | D:7      | Learned a level 4 spell: Summon Ice Beast
  7402 | D:7      | Reached skill level 1 in Summonings
  7785 | D:7      | Reached skill level 5 in Conjurations
  7860 | D:7      | Found an oddly glowing altar of Pakellas.
  7961 | D:7      | Reached * piety under Sif Muna
  8271 | D:7      | Found a sparkling altar of Nemelex Xobeh.
  8507 | D:8      | Found a radiant altar of Vehumet.
  8525 | D:8      | Learned a level 3 spell: Ozocubu's Armour
  8690 | D:8      | Found Toxei's Antique Weapon Emporium.
  8855 | D:8      | You fall through a shaft for 2 floors!
  8855 | D:10     | Entered Level 10 of the Dungeon
  8884 | D:10     | Noticed a brown ugly thing
  9486 | D:8      | Reached ** piety under Sif Muna
  9486 | D:8      | Reached XP level 10. HP: 67/88 MP: 5/15
 10923 | D:9      | Reached skill level 5 in Spellcasting
 10984 | D:9      | Gained mutation: Your magical capacity is low (-10% MP). [mutagenic meat]
 11030 | D:9      | Found a shimmering altar of Xom.
 11117 | D:9      | Found a staircase to the Orcish Mines.
 11612 | D:10     | Found a staircase to the Lair.
 11675 | Lair:1   | Entered Level 1 of the Lair of Beasts
 11833 | Lair:1   | Reached skill level 12 in Ice Magic
 11838 | D:10     | Reached *** piety under Sif Muna
 12303 | D:10     | Noticed a hill giant
 12337 | D:10     | Noticed a hill giant
 12350 | D:10     | Killed a hill giant
 12624 | D:10     | Noticed an unseen horror
 12640 | D:10     | Killed an unseen horror
 12664 | D:10     | Killed a hill giant
 13175 | D:10     | Reached XP level 11. HP: 83/97 MP: 7/18
 13182 | D:10     | Reached skill level 13 in Ice Magic
 13742 | Lair:1   | Reached **** piety under Sif Muna
 13778 | Lair:1   | HP: 1/97 [yak (7)]
 13790 | Lair:1   | Demolished by a spiny frog

Skill      XL: |  1  2  3  4  5  6  7  8  9 10 11 |
---------------+----------------------------------+-----
Fighting       | 1 2 4 5 6 8 9 |  9.1
Ice Magic      | 4 5 8 9 11 12 13 | 13.3
Conjurations   | 2 4 5 |  5.7
Summonings     | 3 4 |  4.5
Spellcasting   | 3 6 |  6.8
Dodging        | |  1.7
Stealth        | |  1.7
Evocations     | |  0.4

Action                   |  1- 3 |  4- 6 |  7- 9 | 10-12 || total
-------------------------+-------+-------+-------+-------++-------
Melee: Short sword       |   101 |   167 |   472 |   250 ||   990
       Unarmed           |     8 |       |       |       ||     8
       Tailslap          |    11 |    15 |    49 |    30 ||   105
Throw: Tomahawk          |       |       |     1 |     5 ||     6
 Cast: Freeze            |    16 |    64 |   168 |   168 ||   416
       Throw Frost       |       |    10 |    43 |    37 ||    90
       Summon Ice Beast  |       |       |     5 |    12 ||    17
       Ozocubu's Armour  |       |       |     3 |     4 ||     7
 Abil: Breathe Frost     |       |       |     2 |     4 ||     6
Evoke: Wand              |       |       |     1 |     6 ||     7
  Use: Scroll            |       |       |    11 |     4 ||    15
       Potion            |       |       |     2 |     4 ||     6
 Stab: Sleeping          |     3 |     2 |     3 |       ||     8
       Distracted        |       |     1 |       |       ||     1
  Eat: Chunk             |     3 |     5 |    11 |     3 ||    22
       Meat ration       |       |     1 |     2 |       ||     3
       Bread ration      |       |       |     3 |     3 ||     6
       Fruit             |       |       |     1 |       ||     1
Armor: Skin              |    22 |    71 |   287 |   292 ||   672
Dodge: Dodged            |    70 |   158 |   335 |   405 ||   968
